 Dungeon Crawl Stone Soup version 0.29-a0-973-gac7da5f7f0 (webtiles) character file.

Game seed: 16758950583411426140

2098 concernfroge the Fighter (level 9, -5/78 HPs)
             Began as a Mummy Monk on July 31, 2022.
             Was an Initiate of Gozag.
             Killed from afar by a steam dragon (45 damage)
             ... with a ball of steam
             ... on level 7 of the Dungeon.
             The game lasted 00:19:25 (7499 turns).

concernfroge the Fighter (Mummy Monk)               Turns: 7499, Time: 00:19:26

Health: -5/78      AC: 17    Str: 24    XL:     9   Next: 7%
Magic:  9/9        EV:  7    Int:  9    God:    Gozag
Gold:   598        SH:  0    Dex: 15    Spells: 8/8 levels left

rFire   x . .      SeeInvis .   x - +6 dire flail (flame)
rCold   + . .      Faith    .   (shield currently unavailable)
rNeg    + + +      Spirit   .   b - +0 plate armour
rPois   ∞          Reflect  .   (no helmet)
rElec   .          Harm     .   u - +0 cloak
rCorr   .          Rampage  .   g - +1 pair of gloves
Will    +....                   (no boots)
Stlth   ..........              (no amulet)
HPRegen 0.23/turn               d - +4 ring of protection
MPRegen 0.11/turn               e - +6 ring of strength

@: gold aura
A: cold resistance 1, negative energy resistance 3, torment resistance 2, heat
vulnerability 1, in touch with death 1, no potions
a: Renounce Religion, Potion Petition, Call Merchant, Bribe Branch


You were on level 7 of the Dungeon.
You worshipped Gozag.
Gozag was pleased with you.
You visited 2 branches of the dungeon, and saw 8 of its levels.

You collected 598 gold pieces.

Inventory:

Hand Weapons
 x - a +6 dire flail of flaming (weapon)
Missiles
 c - 5 atropa-tipped darts (quivered)
 i - 33 poisoned darts
 j - 8 javelins
Armour
 b - a +0 plate armour (worn)
 g - a +1 pair of gloves (worn)
 u - a +0 cloak (worn)
Jewellery
 d - a +4 ring of protection (left hand)
 e - a +6 ring of strength (right hand)
 h - a ring of wizardry
 w - a +4 ring of protection
Wands
 a - a wand of paralysis (3)
 l - a wand of quicksilver (7)
 m - a wand of roots (23)
 n - a wand of flame (15)
Scrolls
 f - 3 scrolls of fog
 k - a scroll of teleportation
 o - a scroll of blinking {unknown}
 p - a scroll of silence
 q - a scroll of noise {unknown}
 r - a scroll of fear {unknown}
 t - a scroll of immolation
 v - 2 scrolls of magic mapping


   Skills:
 - Level 10.0 Fighting
 + Level 4.0 Maces & Flails
 - Level 5.0 Polearms
 - Level 2.4 Dodging
 - Level 1.5 Stealth


You had 8 spell levels left.
You didn't know any spells.
Your spell library contained the following spells:

 Spells                   Type           Power      Damage    Failure   Level
 Apportation              Tloc           0%         N/A       100%        1
 Necrotise                Necr           0%         1d4       100%        1
 Summon Small Mammal      Summ           0%         N/A       100%        1
 Confusing Touch          Hex            0%         N/A       100%        3
 Freezing Cloud           Conj/Ice/Air   0%         6-21      100%        5
 Yara's Violent Unravell  Hex/Tmut       0%         3d3       100%        5
 Enfeeble                 Hex            0%         N/A       100%        7
 Polar Vortex             Ice            0%         N/A       100%        9
 Simulacrum               Ice/Necr       Unusable   N/A       N/A         6

Dungeon Overview and Level Annotations

Branches:
Dungeon (7/15)             Temple (1/1) D:4

Altars:
Ashenzari
Dithmenos
Fedhas
Gozag
Hepliaklqana
Kikubaaqudgha
Makhleb
Nemelex Xobeh
Okawaru
Ru
Sif Muna
Trog
Uskayaw
Vehumet
Wu Jian
Xom


Innate Abilities, Weirdness & Mutations

You are immune to poison.
Your flesh is cold resistant. (rC+)
You are immune to negative energy. (rN+++)
You are immune to unholy pain and torment.
You are vulnerable to heat. (rF-)
You are in touch with the powers of death.
You do not drink.


Message History

The hound barks!
You see here 16 gold pieces.
Found an encrusted cabochon ring.
The hound bites you but does no damage.
You closely miss the hound.
The hound bites you but does no damage. x2
You closely miss the hound. The hound barely misses you.
The hound bites you but does no damage.
You puncture the hound! You burn the hound.
The hound is severely wounded.
The hound bites you but does no damage.
You miss the hound.
The hound is severely wounded.
The hound bites you but does no damage. x2
You impale the hound!! You burn the hound.
You kill the hound!
Your Maces & Flails skill increases to level 4!
A steam dragon comes into view.
Aiming: Fastroot
Press: ? - help, Shift-Dir - straight line
Okay, then.
Aiming: Paralyse
Press: ? - help, Shift-Dir - straight line, f - steam dragon
Aim: a steam dragon (wandering, hasn't noticed you, chance to affect: 49%)
The steam dragon hisses angrily.
The steam dragon resists with some effort.
The steam dragon breathes steam at you.
The ball of steam hits you but does no damage.
You are engulfed in a cloud of scalding steam.
You see here 7 gold pieces.
Aiming: Fastroot
Press: ? - help, Shift-Dir - straight line, f/p - steam dragon
Aim: a steam dragon The roots erupt in riotous growth!
Roots grab the steam dragon.
You are engulfed in a cloud of scalding steam.
The grasping roots constrict the steam dragon.
The steam dragon breathes steam at you. The ball of steam hits you!!!
The steam scalds you terribly!
Ouch! That really hurt!
You die...
Your body crumbles into a pile of gold.

#..........#######
#.....#.#### ########
....#...##
####........
.##.##...#
#.##........ #
#.##.#.####.##........
#............#........
####........§..>......
###....#$#§§#......
#..#...§§@.......
#..##..#§§##.....
....###.§.§... ...
.##........§§#... . #
###.##.###.....= # #..
D..... ### #..<.. .#..


There were no monsters in sight!

Vanquished Creatures
  2 steam dragons
  2 black bears
  An orc warrior (D:7)
  2 ice beasts (D:5)
  2 ogres (D:5)
  A kobold brigand (D:5)
  Blork the orc (D:5)
  A bullfrog (D:6)
  2 scorpions
  5 wights (D:6)
  3 howler monkeys (D:6)
  4 hounds
  2 orc priests
  2 iguanas
  3 orc wizards
  5 adders
  A shadow imp (D:6)
  4 ufetubi
  3 worms
  28 orcs
  13 ball pythons
  13 endoplasms
  3 giant cockroaches
  10 goblins
  10 hobgoblins
  3 jackals
  16 kobolds
  6 quokkas
  7 bats
  5 frilled lizards
  3 rats (D:1)
163 creatures vanquished.

Notes
Turn   | Place    | Note
-------+----------+-------------------------------------------
     0 | D:1      | concernfroge the Mummy Monk began the quest for the Orb.
     0 | D:1      | Reached XP level 1. HP: 18/18 MP: 1/1
    70 | D:1      | Reached XP level 2. HP: 14/24 MP: 2/2
   365 | D:1      | Reached skill level 4 in Fighting
   439 | D:1      | Found a faded altar of an unknown god.
   535 | D:1      | Gained mutation: You are in touch with the powers of death.
                  | [Mummy growth]
   535 | D:1      | Reached XP level 3. HP: 23/30 MP: 3/3
  1298 | D:2      | Found an ancient bone altar of Kikubaaqudgha.
  1573 | D:2      | Reached XP level 4. HP: 38/38 MP: 4/4
  1629 | D:2      | Reached skill level 5 in Fighting
  2976 | D:4      | Reached XP level 5. HP: 44/46 MP: 5/5
  3253 | D:4      | Noticed an ice beast
  3277 | D:5      | Entered Level 5 of the Dungeon
  3309 | D:5      | Reached skill level 6 in Fighting
  3467 | D:5      | Noticed Blork the orc
  3467 | D:5      | Noticed an ice beast
  3474 | D:5      | Noticed an ogre
  3478 | D:5      | Killed an ice beast
  3478 | D:5      | Killed Blork the orc
  3479 | D:5      | Reached skill level 7 in Fighting
  3479 | D:5      | Reached XP level 6. HP: 55/55 MP: 6/6
  3564 | D:5      | Reached skill level 8 in Fighting
  3564 | D:5      | Reached XP level 7. HP: 48/62 MP: 7/7
  4008 | D:5      | Reached skill level 9 in Fighting
  4240 | D:4      | Found a staircase to the Ecumenical Temple.
  4246 | Temple   | Entered the Ecumenical Temple
  4287 | Temple   | Became a worshipper of Gozag Ym Sagoz the Greedy
  5296 | D:6      | Found a faded altar of an unknown god.
  5296 | D:6      | Found a bloodstained altar of Trog.
  5304 | D:6      | Found a broken altar of Ashenzari.
  5306 | D:6      | Found an iron altar of Okawaru.
  5308 | D:6      | Found a faded altar of an unknown god.
  5442 | D:6      | Noticed a steam dragon
  5446 | D:6      | Killed a steam dragon
  5447 | D:6      | Reached skill level 10 in Fighting
  5447 | D:6      | Reached XP level 8. HP: 53/72 MP: 8/8
  5455 | D:6      | Found a shimmering blue altar of Sif Muna.
  6090 | D:6      | Reached skill level 5 in Polearms
  6677 | D:6      | Reached skill level 1 in Maces & Flails
  7146 | D:7      | Found a hide-covered altar of Uskayaw.
  7480 | D:7      | Reached XP level 9. HP: 35/78 MP: 9/9
  7499 | D:7      | Killed from afar by a steam dragon

Illustrated notes

Levels and vault maps discovered:
D:1:      grunt_arrival_lava_bath, layout_basic,
          chequers_ecumenical_altar_grove, minivault_19,
          amcnicky_mini_rare_corridor_liquid, minmay_vboxes
D:2:      layout_basic, basic_altar, minmay_tree_intersection
D:3:      layout_basic, st_stairs_7, grunt_decor_cap, chequers_decorated_corner
D:4:      layout_basic, temple_statues
D:5:      layout_basic, minmay_increasing_density, uniq_blork_the_orc
D:6:      layout_loops_corners, marbit_many_paths,
          chequers_temple_overflow_minitemple
D:7:      layout_rooms, mainiacjoe_overflow_catwalk, serial_shops,
          kennysheep_mini
Temple:   nicolae_temple_ecumenical_triangle

Skill      XL: |  1  2  3  4  5  6  7  8  9 |
---------------+----------------------------+-----
Fighting       | 4 5 7 8 10 | 10.0
Polearms       | 5 |  5.0
Maces & Flails | 3 4 |  4.0
Dodging        | |  2.4
Stealth        | |  1.5

Action                   |  1- 3 |  4- 6 |  7- 9 || total
-------------------------+-------+-------+-------++-------
Melee: Spear             |   199 |   100 |       ||   299
       Trident           |       |   110 |       ||   110
       Halberd           |       |     5 |   133 ||   138
       Dire flail        |       |       |    62 ||    62
Throw: Dart              |       |     3 |    14 ||    17
       Javelin           |       |       |     3 ||     3
Evoke: Wand              |       |     6 |     9 ||    15
  Use: Scroll            |       |     5 |     7 ||    12
 Stab: Sleeping          |     3 |       |       ||     3
       Paralysed         |       |       |     5 ||     5
Armor: Robe              |    43 |       |       ||    43
       Plate armour      |    31 |   135 |   151 ||   317
       Chain mail        |     1 |       |       ||     1
Dodge: Dodged            |   109 |    66 |    68 ||   243

Table legend: (Time is in decaauts)
 A = Elapsed time spent in this place.
 B = Non-inter-level travel time spent in this place.
 C = Inter-level travel time spent in this place.
 D = Time resting spent in this place.
 E = Time spent auto-exploring this place.
 F = Levels seen in this place.
 G = Mean time per level.
                   A        B        C        D        E       F      G
               +--------+--------+--------+--------+--------+-----+--------+
         Total |   7574 |   7186 |    388 |     35 |   5890 |   8 |  946.8 |
       Dungeon |   7525 |   7146 |    379 |     35 |   5859 |   7 | 1075.0 |
        Temple |     48 |     39 |      9 |      0 |     31 |   1 |   48.0 |
               +--------+--------+--------+--------+--------+-----+--------+

Top non-repeatable levels by time:
     D:6: 1919 daAuts
     D:4: 1315 daAuts
     D:1: 1149 daAuts
     D:5: 994 daAuts
     D:3: 940 daAuts
     D:2: 813 daAuts
     D:7: 392 daAuts
  Temple: 48 daAuts
